 Dungeon Sprint DCSS version 0.25-a0-413-g3b4b6a4 (webtiles) character file.

Game seed: 9090353603741665726, levelgen mode: deterministic

20781 Krakonus1 the Minotaur Blade (level 12, -1/127 HPs)
             Began as a Minotaur Berserker on Jan 16, 2020.
             Was the Champion of Trog.
             Slain by a yaktaur (4 damage)
             ... in the Dungeon (Sprint IX: "|||||||||||||||||||||||||||||") on Apr 22, 2020.
             The game lasted 00:14:32 (2552 turns).

Krakonus1 the Minotaur Blade (Minotaur Berserker)   Turns: 2552, Time: 00:14:33

Health: -1/127     AC: 33    Str: 34    XL:     12   Next: 48%
Magic:  3/7        EV: 12    Int: 12    God:    Trog [******]
Gold:   1530       SH:  4    Dex: 10    Spells: 11/11 levels left

rFire    . . .     SeeInvis .   H - +2 triple sword (antimagic)
rCold    x . .     Gourm    .   (shield currently unavailable)
rNeg     . . .     Faith    .   T - +6 plate armour of Yesterday {rC- Str+4 Int+3}
rPois    .         Spirit   .   b - +3 hat of Pondering {ponderous, MR+ MP+10 Int+5}
rElec    .         Reflect  +   C - +0 cloak
rCorr    .         Harm     .   o - +0 pair of gloves
MR       +....     NoTele   +   V - +1 pair of boots
Stlth    ..........             O - +4 amulet of reflection
HPRegen  0.31/turn              q - +2 ring of evasion
MPRegen  0.10/turn              r - +3 ring of strength

@: slow
A: retaliatory headbutt, horns 2
a: Berserk, Trog's Hand, Brothers in Arms, Renounce Religion


You were in the Dungeon.
You worshipped Trog.
Trog was exalted by your worship.
You were very hungry.

You visited 1 branch You collected 1908 gold pieces.
You spent 378 gold pieces at shops.

Inventory:

Hand Weapons
 s - a +3 great sword of slicing
 t - a +3 great sword
 y - a +3 great sword
 A - a +3 triple sword
 F - a +2 great sword
 H - a +2 antimagic triple sword (weapon)
 I - a +3 great sword
 J - a +4 antimagic great sword
 N - a +1 great sword of slicing
Armour
 b - the +3 hat of Pondering (worn) {ponderous, MR+ MP+10 Int+5}
   (You took it off Gastronok in the Dungeon)

   It affects your intelligence (+5).
   It affects your resistance to hostile enchantments.
   It affects your magic capacity (+10).
 o - a +0 pair of gloves (worn)
 p - a +0 plate armour
 C - a +0 cloak (worn)
 D - a +0 pair of boots
 T - the +6 plate armour of Yesterday (worn) {rC- Str+4 Int+3}
   (You found it in the Dungeon)

   It affects your strength (+4).
   It affects your intelligence (+3).
   It makes you vulnerable to cold.
 U - a +1 helmet
 V - a +1 pair of boots (worn)
 W - the cursed +1 ring mail "Aseqoul" {rElec MR+ Str+4 Int+2}
   (You found it in the Dungeon)

   It affects your strength (+4).
   It affects your intelligence (+2).
   It insulates you from electricity.
   It affects your resistance to hostile enchantments.
   It has a curse placed upon it.
 X - a +3 chain mail
 Y - a +3 chain mail
 Z - a +1 large shield
Jewellery
 q - a +2 ring of evasion (left hand)
 r - a +3 ring of strength (right hand)
 M - an uncursed ring of see invisible
 O - a +4 amulet of reflection (around neck)
 P - an uncursed ring of poison resistance
 Q - an uncursed ring of ice
 R - an uncursed ring of poison resistance
Wands
 m - a wand of iceblast (10)
 x - a wand of flame (13)
Scrolls
 i - 2 scrolls of blinking
 l - 3 scrolls of remove curse
 n - 2 scrolls of fog
 u - 2 scrolls of fear
 v - 2 scrolls of identify
 w - 5 scrolls of enchant armour
Potions
 a - a potion of might
 d - 6 potions of curing
 e - 8 potions of heal wounds
 f - a potion of haste
 g - 4 potions of magic
 h - 3 potions of berserk rage
 j - a potion of brilliance
 k - a potion of invisibility
 B - 2 potions of agility
 E - a potion of flight {unknown}
Comestibles
 c - 11 rations


   Skills:
 + Level 18.0 Fighting
 - Level 25.3 Long Blades
 + Level 17.8 Armour
 - Level 2.1 Dodging


You had 11 spell levels left.
You didn't know any spells.
Your spell library was empty.

Dungeon Overview and Level Annotations

Branches:
Dungeon (1/1)

Altars:
Cheibriados
Dithmenos
Elyvilon
Fedhas
Gozag
Hepliaklqana
Kikubaaqudgha
Makhleb
Nemelex Xobeh
Okawaru
Qazlal
Ru
Sif Muna
Trog
Uskayaw
Vehumet
Wu Jian
Xom
Yredelemnul
Zin
The Shining One
Beogh
Jiyva
Lugonu

Shops:
D =?:(


Innate Abilities, Weirdness & Mutations

You reflexively headbutt those who attack you in melee.
You have a pair of horns on your head.


Message History

You kill the fire dragon!
Trog accepts your kill.
The fire dragon scales are intact enough to wear.
Your Fighting skill increases to level 18!
The yaktaur wields a +0 arbalest.
The yaktaur shoots a bolt.
The bolt hits you!
* * * LOW HITPOINT WARNING * * *
The boggart mumbles some strange words.
The boggart blinks!
The yaktaur unwields a +0 arbalest.
The yaktaur closely misses you.
You riposte.
You completely miss the yaktaur. You headbutt the yaktaur!
The yaktaur is lightly wounded.
Things that are here:
+0 fire dragon scales; 3 large rocks; a fire dragon corpse You slice the yaktaur!!
You headbutt the yaktaur, but do no damage.
The yaktaur is severely wounded.
You hit the yaktaur.
The yaktaur is severely wounded.
The yaktaur hits you.
You die...

▓▓▓▓▓▓▓▓▓▓▓▓▓▓▓▓▓▓▓▓▓▓▓▓
..gsguc@(()..)))........
▓▓▓▓▓▓▓▓▓▓▓▓▓▓▓▓▓▓▓▓▓▓▓▓▓▓▓▓▓▓▓▓▓
.................................
▓▓▓▓▓▓▓▓▓▓▓▓▓▓▓▓▓▓▓▓▓▓▓▓▓▓▓▓▓▓▓▓▓
........'....)∩)∩.∩.∩.....'....))
▓▓▓▓▓▓▓▓▓▓▓▓▓▓▓▓▓▓▓▓▓▓▓▓▓▓▓▓▓▓▓▓▓
..................)..............
▓▓▓▓▓▓▓▓▓▓▓▓▓▓▓▓▓▓▓▓▓▓▓▓▓▓▓▓▓▓▓▓▓
...'.[......'(......÷÷..÷'.......


You could see a white ugly thing, a yaktaur, a boggart, a giant cockroach and a
hobgoblin.

Vanquished Creatures
  Gastronok (D)
  A stone giant (D)
  A fire dragon (D)
  Erolcha (D)
  2 ogre magi (D)
  A two-headed ogre (D)
  A tengu warrior (D)
  5 orc high priests (D)
  7 orc knights (D)
  2 orc sorcerers (D)
  A gargoyle (D)
  A black mamba (D)
  A spiny frog (D)
  A komodo dragon (D)
  A troll (D)
  4 polar bears (D)
  A blink frog (D)
  4 hippogriffs (D)
  2 yaks (D)
  2 basilisks (D)
  A hungry ghost (D)
  A swamp worm (shapeshifter) (D)
  2 water moccasins (D)
  A porcupine (D)
  An eye of draining (D)
  7 orc warriors (D)
  An ice beast (D)
  4 black bears (D)
  A boggart (D)
  A centaur (D)
  An ogre (shapeshifter) (D)
  A crocodile (D)
  5 bullfrogs (D)
  A crimson imp (D)
  6 orc priests (D)
  2 orc wizards (D)
  2 worker ants (D)
  An adder zombie (D)
  An adder skeleton (D)
  6 orcs (D)
  A bat zombie (D)
  A goblin (D)
  A hobgoblin (D)
  2 bats (D)
  A jackal skeleton (D)
  A kobold (D)
93 creatures vanquished.

Vanquished Creatures (collateral kills)
  2 orc high priests (D)
  An orc knight (D)
  An orc sorcerer (D)
  2 orc warriors (D)
  An orc wizard (D)
7 creatures vanquished.

Grand Total: 100 creatures vanquished

Notes
Turn   | Place    | Note
-------+----------+-------------------------------------------
     0 | D        | Krakonus1 the Minotaur Berserker began the quest for the
                  | Orb.
     0 | D        | Reached XP level 1. HP: 19/19 MP: 0/0
     6 | D        | Reached skill level 4 in Long Blades
    11 | D        | Reached ** piety under Trog
    11 | D        | Reached skill level 5 in Long Blades
   300 | D        | Noticed a worker ant
   300 | D        | Noticed a worker ant
   306 | D        | Killed a worker ant
   306 | D        | Reached skill level 8 in Long Blades
   306 | D        | Reached XP level 2. HP: 26/26 MP: 1/1
   306 | D        | Reached XP level 3. HP: 31/31 MP: 2/2
   308 | D        | Reached *** piety under Trog
   309 | D        | Reached skill level 9 in Long Blades
   322 | D        | Found a roughly hewn altar of Beogh.
   322 | D        | Found a snail-covered altar of Cheibriados.
   322 | D        | Found a shadowy altar of Dithmenos.
   322 | D        | Found a white marble altar of Elyvilon.
   322 | D        | Found a blossoming altar of Fedhas.
   322 | D        | Found an opulent altar of Gozag.
   323 | D        | Found a hazy altar of Hepliaklqana.
   324 | D        | Found a viscous altar of Jiyva.
   325 | D        | Found an ancient bone altar of Kikubaaqudgha.
   326 | D        | Found a corrupted altar of Lugonu.
   327 | D        | Found a burning altar of Makhleb.
   328 | D        | Found a sparkling altar of Nemelex Xobeh.
   329 | D        | Found an iron altar of Okawaru.
   330 | D        | Found a stormy altar of Qazlal.
   331 | D        | Found a sacrificial altar of Ru.
   332 | D        | Found a shimmering blue altar of Sif Muna.
   333 | D        | Found a bloodstained altar of Trog.
   334 | D        | Found a hide-covered altar of Uskayaw.
   335 | D        | Found a radiant altar of Vehumet.
   336 | D        | Found an ornate altar of the Wu Jian Council.
   337 | D        | Found a shimmering altar of Xom.
   338 | D        | Found a basalt altar of Yredelemnul.
   339 | D        | Found a glowing silver altar of Zin.
   340 | D        | Found a glowing golden altar of the Shining One.
   384 | D        | Noticed an orc warrior
   384 | D        | Noticed an ice beast
   384 | D        | Noticed a centaur
   384 | D        | Noticed a bullfrog
   384 | D        | Noticed a gargoyle
   387 | D        | Reached **** piety under Trog
   387 | D        | Reached skill level 10 in Long Blades
   387 | D        | Reached XP level 4. HP: 39/39 MP: 3/3
   390 | D        | Killed a gargoyle
   390 | D        | Reached skill level 15 in Long Blades
   390 | D        | Reached XP level 5. HP: 45/45 MP: 4/4
   390 | D        | Reached XP level 6. HP: 51/51 MP: 5/5
   393 | D        | Reached skill level 16 in Long Blades
   396 | D        | Reached skill level 17 in Long Blades
   396 | D        | Reached XP level 7. HP: 57/57 MP: 6/6
   398 | D        | Reached ***** piety under Trog
   398 | D        | Received a gift from Trog
   403 | D        | Reached skill level 18 in Long Blades
   438 | D        | Noticed a troll
   438 | D        | Noticed a hippogriff
   446 | D        | Killed a hippogriff
   446 | D        | Reached skill level 19 in Long Blades
   450 | D        | Killed a troll
   450 | D        | Received a gift from Trog
   450 | D        | Reached XP level 8. HP: 46/64 MP: 7/7
   452 | D        | Reached skill level 20 in Long Blades
   709 | D        | Noticed a spiny frog
   709 | D        | Noticed a hippogriff
   709 | D        | Noticed a black mamba
   712 | D        | Noticed a hippogriff
   713 | D        | Killed a black mamba
   716 | D        | Reached skill level 21 in Long Blades
   722 | D        | Killed a hippogriff
   722 | D        | Reached XP level 9. HP: 70/70 MP: 8/8
   724 | D        | Killed a spiny frog
   724 | D        | Received a gift from Trog
   724 | D        | Reached skill level 22 in Long Blades
   741 | D        | Reached skill level 23 in Long Blades
   959 | D        | Noticed a komodo dragon
   964 | D        | Killed a komodo dragon
   966 | D        | Received a gift from Trog
   981 | D        | Reached skill level 24 in Long Blades
   982 | D        | Reached XP level 10. HP: 61/77 MP: 9/9
  1139 | D        | Received a gift from Trog
  1147 | D        | Reached skill level 25 in Long Blades
  1157 | D        | Received a gift from Trog
  1330 | D        | Noticed Gastronok
  1348 | D        | Killed Gastronok
  1424 | D        | Noticed Erolcha
  1432 | D        | Killed Erolcha
  1495 | D        | Noticed an orc sorcerer
  1495 | D        | Noticed an orc knight
  1508 | D        | Killed an orc knight
  1508 | D        | Received a gift from Trog
  1508 | D        | Reached skill level 10 in Fighting
  1508 | D        | Reached XP level 11. HP: 100/100 MP: 10/10
  1512 | D        | Killed an orc sorcerer
  1512 | D        | Reached skill level 10 in Armour
  1518 | D        | Reached ****** piety under Trog
  1521 | D        | Received a gift from Trog
  1793 | D        | Noticed an orc knight
  1795 | D        | Noticed an orc sorcerer
  1798 | D        | Killed an orc knight
  1802 | D        | Received a gift from Trog
  1813 | D        | Killed an orc sorcerer
  1814 | D        | Noticed an orc sorcerer
  1824 | D        | Noticed a sun demon
  1825 | D        | Received a gift from Trog
  1832 | D        | Killed an orc sorcerer
  1881 | D        | Found Xuuxzoqiy's Weapon Boutique.
  1881 | D        | Noticed an orc knight
  1881 | D        | Noticed an orc knight
  1881 | D        | Noticed an orc knight
  1881 | D        | Noticed an orc high priest
  1881 | D        | Noticed an orc high priest
  1901 | D        | Noticed a sun demon
  1901 | D        | Killed an orc high priest
  1901 | D        | Received a gift from Trog
  1904 | D        | Killed an orc high priest
  1908 | D        | Noticed an orc high priest
  1908 | D        | Killed an orc knight
  1915 | D        | Noticed an orc knight
  1919 | D        | Killed an orc knight
  1920 | D        | Killed an orc knight
  1932 | D        | Killed an orc high priest
  1936 | D        | Killed an orc knight
  1936 | D        | Received a gift from Trog
  1940 | D        | Noticed an orc knight
  2087 | D        | Killed an orc knight
  2109 | D        | Found Qesuh's Book Shop.
  2113 | D        | Found Doduve's Magic Scroll Boutique.
  2117 | D        | Found Caufiodi's Jewellery Shop.
  2188 | D        | Noticed an orc high priest
  2189 | D        | Noticed an orc high priest
  2190 | D        | Noticed an orc knight
  2190 | D        | Noticed an orc high priest
  2191 | D        | Noticed an orc high priest
  2194 | D        | Killed an orc high priest
  2195 | D        | Killed an orc high priest
  2195 | D        | Reached skill level 15 in Fighting
  2195 | D        | Reached skill level 15 in Armour
  2202 | D        | Killed an orc knight
  2208 | D        | Killed an orc high priest
  2208 | D        | Reached XP level 12. HP: 122/122 MP: 7/11
  2212 | D        | Killed an orc high priest
  2212 | D        | Received a gift from Trog
  2233 | D        | Bought a +4 amulet of reflection for 378 gold pieces
  2370 | D        | Got the +6 plate armour of Yesterday {rC- Str+4 Int+3}
  2376 | D        | Got the cursed +1 ring mail "Aseqoul" {rElec MR+ Str+4
                  | Int+2}
  2489 | D        | Noticed a tengu warrior
  2489 | D        | Noticed a two-headed ogre
  2494 | D        | Killed a two-headed ogre
  2499 | D        | Paralysed by a hornet for 3 turns
  2504 | D        | Noticed an ogre mage
  2512 | D        | Killed a tengu warrior
  2517 | D        | Received a gift from Trog
  2522 | D        | Killed an ogre mage
  2525 | D        | Noticed an ogre mage
  2529 | D        | Noticed a stone giant
  2530 | D        | Noticed a fire dragon
  2532 | D        | Killed an ogre mage
  2532 | D        | Received a gift from Trog
  2541 | D        | Killed a stone giant
  2544 | D        | HP: 10/127 [fire dragon/blast of flame (13)]
  2549 | D        | Killed a fire dragon
  2549 | D        | HP: 3/127 [yaktaur/bolt (8)]
  2552 | D        | Slain by a yaktaur

Levels and vault maps discovered:
D:        linesprint [early_d, line_temple, items_1, d_10, items_2, lair_1,
          lair_end, items_3, orc_1, orc_end, items_4, d_15, swamp_1, shoals_1,
          snake_1, spider_1, d_20, vaults_1, items_5, swamp_end, shoals_end,
          snake_end, spider_end, vaults_end, d_27, items_6, zot_1, zot_end,
          crypt_end, forest_end, elf_end, slime_end, tomb_end, abyss_end,
          pan_hell_end]

Skill      XL: |  1  2  3  4  5  6  7  8  9 10 11 12 |
---------------+-------------------------------------+-----
Long Blades    | 8 10 15 17 19 21 24 25 | 25.3
Fighting       | 10 15 18 | 18.0
Armour         | 9 15 17 | 17.8
Dodging        | |  2.1

Action                   |  1- 3 |  4- 6 |  7- 9 | 10-12 || total
-------------------------+-------+-------+-------+-------++-------
Melee: Falchion          |    28 |       |       |       ||    28
       Headbutt          |     3 |       |    14 |    46 ||    63
       Scimitar          |     2 |     7 |     5 |       ||    14
       Great sword       |       |       |    58 |    16 ||    74
       Triple sword      |       |       |       |   162 ||   162
Invok: Berserk           |     2 |       |     3 |     5 ||    10
       Trog's Hand       |       |       |       |     5 ||     5
       Brothers in Arms  |       |       |       |     2 ||     2
  Use: Scroll            |       |       |       |     3 ||     3
       Potion            |       |       |       |     3 ||     3
  Eat: Chunk             |       |       |     4 |    12 ||    16
Armor: Animal skin       |    10 |       |       |       ||    10
       Plate armour      |     1 |       |    27 |    65 ||    93
Dodge: Dodged            |    14 |     2 |    19 |    32 ||    67
Block: Other             |       |       |       |     8 ||     8
       Rpst.: Falchion   |     4 |       |       |       ||     4
       Great sword       |       |       |     1 |     2 ||     3
       Triple sword      |       |       |       |     7 ||     7

Table legend:
 A = Non-vault XP
 B = Vault XP
 C = Vault XP percentage of total XP
 D = Non-vault monster count
 E = Vault monster count
 F = Vault count percentage of total count
                 A         B        C        D         E       F
            +---------+---------+-------+---------+---------+-------
      Total |       0 |   29688 | 100.0 |       0 |     100 | 100.0
            +---------+---------+-------+---------+---------+-------
          D |       0 |   29688 | 100.0 |       0 |     100 | 100.0
            +---------+---------+-------+---------+---------+-------
